 Dungeon Crawl Stone Soup version 0.31.0-32-g396128a36d (webtiles) character file.

Game seed: 8113666613162619889

66 PaiMei the Grave Robber (level 3, 0/26 HPs)
             Began as a Demonspawn Necromancer on Mar 27, 2024.
             Slain by a scorpion (3 damage)
             ... on level 4 of the Dungeon.
             The game lasted 00:02:26 (2027 turns).

PaiMei the Grave Robber (Demonspawn Necromancer)    Turns: 2027, Time: 00:02:26

Health: 0/26       AC:  3    Str:  8    XL:     3   Next: 96%
Magic:  1/6        EV: 12    Int: 17    God:
Gold:   120        SH:  4    Dex: 13    Spells: 3/7 levels left

rFire   . . .        n - +0 hand axe
rCold   . . .        (no shield)
rNeg    . . .        a - +0 robe
rPois   .            (no helmet)
rElec   .            k - +0 cloak
rCorr   .            (no gloves)
SInv    .            (no boots)
Will    .....        (no amulet)
Stlth   ++           (no ring)
HPRegen 0.24/turn    (no ring)
MPRegen 0.10/turn

%: no passive effects
@: lethally poisoned (0 -> -10)
A: claws 1, condensation shield
a: no special abilities


You were on level 4 of the Dungeon.
You visited 1 branch of the dungeon, and saw 3 of its levels.

You collected 120 gold pieces.

Inventory:

Hand Weapons
 f - a +0 club
 n - a +0 hand axe (weapon)
Missiles
 c - 2 curare-tipped darts (quivered)
 o - 5 poisoned darts
Armour
 a - a +0 robe (worn)
 k - a +0 cloak (worn)
Scrolls
 d - 2 scrolls of identify {unknown}
 e - a scroll of torment {unknown}
 h - a scroll of immolation {unknown}
 j - a scroll of vulnerability {unknown}
Potions
 b - a potion of magic
 g - a potion of resistance {unknown}
 i - a potion of heal wounds {unknown}
 l - a potion of enlightenment {unknown}
 m - a potion of mutation {unknown}


   Skills:
 + Level 1.1 Fighting
 + Level 2.4 Dodging
 - Level 2.1 Stealth
 + Level 2.5 Spellcasting
 + Level 4.9 Necromancy


You had 3 spell levels left.
You knew the following spells:

 Your Spells              Type           Power      Damage    Failure   Level
a - Necrotise             Necr           72%        1d7       2%          1
b - Vampiric Draining     Necr           18%        2d7       8%          3

Your spell library contained the following spells:

 Spells                   Type           Power      Damage    Failure   Level
 Dazzling Flash           Conj/Hex       4%         N/A       50%         3
 Mephitic Cloud           Conj/Alch/Air  2%         N/A       50%         3
 Ozocubu's Armour         Ice            2%         N/A       50%         3
 Animate Dead             Necr           18%        N/A       24%         4
 Curse of Agony           Necr           18%        N/A       56%         5
 Metabolic Englaciation   Hex/Ice        1%         N/A       99%         5
 Silence                  Hex/Air        1%         N/A       99%         5
 Sculpt Simulacrum        Ice/Alch       1%         N/A       100%        6


Dungeon Overview and Level Annotations

Branches:
Dungeon (2/15)

Altars:
Qazlal
Wu Jian


Innate Abilities, Weirdness & Mutations

You have sharp fingernails.
A meltable shield of frost defends you. (SH +4)


Message History

Aiming: Necrotise (safe; 2% risk of failure)
Press: ? - help, Shift-Dir - straight line, f/p - scorpion
Aim: a scorpion (chance to affect: 76%)
The scorpion writhes in agony.
The scorpion misses you.
Casting: Necrotise (safe; 2% risk of failure)
Confirm with . or Enter, or press ? or * to list all spells.
Aiming: Necrotise (safe; 2% risk of failure)
Press: ? - help, Shift-Dir - straight line, f/p - scorpion
Aim: a scorpion (moderately wounded, chance to affect: 76%)
The scorpion writhes in agony.
The scorpion barely misses you.
Casting: Necrotise (safe; 2% risk of failure)
Confirm with . or Enter, or press ? or * to list all spells.
Aiming: Necrotise (safe; 2% risk of failure)
Press: ? - help, Shift-Dir - straight line, f/p - scorpion
Aim: a scorpion (heavily wounded, chance to affect: 76%)
The scorpion writhes in agony.
The scorpion stings you.
You are poisoned.
The scorpion poisons you!
Casting: Necrotise (safe; 2% risk of failure)
Confirm with . or Enter, or press ? or * to list all spells.
You don't have enough magic to cast this spell.
Casting: Necrotise (safe; 2% risk of failure)
Confirm with . or Enter, or press ? or * to list all spells.
You don't have enough magic to cast this spell.
You barely miss the scorpion.
The scorpion is heavily wounded.
You feel very sick. The scorpion stings you.
You are lethally poisoned!
The scorpion poisons you! The scorpion stings you.
You hit the scorpion.
The scorpion is severely wounded.
You feel very sick. The scorpion barely misses you.
You hit the scorpion.
The scorpion is severely wounded.
* * * LOW HITPOINT WARNING * * *
You feel very sick. The scorpion stings you.
You die...

##### ##...##
##.....#####
#####..........#
...............#########
.......@................
.......s.......########.
#####...................
##........#.#######.
..#...#####.#######.
##.##### ......... #.
.#######. ## .# #. #.


You could see a scorpion.

Vanquished Creatures
  An adder (D:4)
  3 dart slugs
  A bat (D:1)
  6 endoplasms
  2 giant cockroaches
  4 goblins
  5 hobgoblins (D:1)
  6 jackals
  2 quokkas
  7 ball pythons (D:1)
  2 frilled lizards (D:1)
  A kobold (D:1)
  4 rats
44 creatures vanquished.

Vanquished Creatures (collateral kills)
  A jackal (D:1)
  A ball python (D:1)
  A bat (D:1)
3 creatures vanquished.

Grand Total: 47 creatures vanquished

Notes
Turn   | Place    | Note
-------+----------+-------------------------------------------
     0 | D:1      | PaiMei the Demonspawn Necromancer began the quest for the
                  | Orb.
     0 | D:1      | Reached XP level 1. HP: 13/13 MP: 3/3
   419 | D:1      | Gained mutation: A meltable shield of frost defends you.
                  | (SH +4) [demonic ancestry]
   419 | D:1      | Reached XP level 2. HP: 19/19 MP: 0/5
   763 | D:1      | Gained mutation: You have sharp fingernails. [demonic
                  | ancestry]
   763 | D:1      | Reached XP level 3. HP: 25/25 MP: 4/6
   769 | D:1      | Learned a level 3 spell: Vampiric Draining
  1474 | D:2      | Reached skill level 1 in Fighting
  1604 | D:2      | You fall into a shaft and drop 2 floors!
  1622 | D:4      | Noticed a scorpion
  1693 | D:4      | Found an ornate altar of the Wu Jian Council.
  1826 | D:4      | Found a stormy altar of Qazlal.
  2027 | D:4      | Slain by a scorpion

Illustrated notes

Levels and vault maps discovered:
D:1:      lemuel_arrival_room, layout_basic
D:2:      layout_basic, basic_altar, minmay_misc_feat_hallway
D:4:      kennysheep_six_static_rooms, layout_loops_ring,
          nicolae_wu_jian_wuxing_cycle, mainiacjoe_overflow_cross_hatched,
          uniq_pikel, uniq_blork_the_orc, uniq_duvessa

Skill      XL: |  1  2  3 |
---------------+----------+-----
Stealth        | 2 |  2.1
Dodging        | 2 |  2.4
Fighting       | 1 |  1.1
Spellcasting   | |  2.5
Necromancy     | |  4.9

Action                     || total
---------------------------++-------
  Melee: Unarmed           ||     6
         Club              ||    12
         Hand axe          ||     3
   Cast: Necrotise         ||    81
 Armour: Robe              ||    28
  Dodge: Dodged            ||    35
  Block: Other             ||     7
